 Dungeon Crawl Stone Soup version 0.20.1-1-g8b1a95d (webtiles) character file.

115 manon the Shield-Bearer (level 5, -5/32 HPs)
             Began as a Gargoyle Fighter on Sept 13, 2017.
             Killed by divine providence
             ... invoked by an orc priest
              (13 damage)
             ... on level 3 of the Dungeon.
             The game lasted 00:04:43 (1831 turns).

manon the Shield-Bearer (Gargoyle Fighter)          Turns: 1831, Time: 00:04:44

Health: -5/32      AC: 12    Str: 20    XL:     5   Next: 0%
Magic:  5/5        EV:  7    Int:  9    God:
Gold:   124        SH:  9    Dex:  9    Spells: 4/4 levels left

rFire    . . .     SeeInvis .   a - +0 flail
rCold    . . .     Gourm    .   c - +0 shield
rNeg     + . .     Faith    .   b - +0 scale mail
rPois    ∞         Spirit   .   q - +0 helmet
rElec    +         Reflect  .   (no cloak)
rCorr    .         Harm     .   (no gloves)
MR       .....                  (no boots)
Stlth    ..........             (no amulet)
Regen    0.1/turn               (no ring)
MPRegen  0.1/turn               (no ring)

@: no status effects
A: negative energy resistance 1, electricity resistance, unbreathing,
petrification resistance, rot immunity, AC +4
a: no special abilities


You were on level 3 of the Dungeon.
You were not hungry.

You visited 1 branch of the dungeon, and saw 3 of its levels.

You collected 124 gold pieces.

Inventory:

Hand Weapons
 a - a +0 flail (weapon)
 h - a +0 hunting sling
Missiles
 k - 8 javelins (quivered)
 p - 37 bolts
Armour
 b - a +0 scale mail (worn)
 c - a +0 shield (worn)
 q - a +0 helmet (worn)
Jewellery
 j - an uncursed ring of poison resistance {unknown}
 o - an uncursed ring of flight {unknown}
Scrolls
 e - a scroll of identify {unknown}
 i - 3 scrolls of teleportation {unknown}
 l - 2 scrolls of remove curse {unknown}
 s - a scroll of noise {unknown}
Potions
 d - 2 potions of might
 g - 4 potions of heal wounds {unknown}
 n - a potion of curing {unknown}
 r - a potion of lignification {unknown}
Comestibles
 f - a bread ration
 m - a meat ration
 t - 4 chunks of flesh


   Skills:
 - Level 3.2 Fighting
 * Level 3.9 Maces & Flails
 + Level 4.0 Armour
 + Level 4.1 Shields


You had 4 spell levels left.
You didn't know any spells.

Dungeon Overview and Level Annotations

Branches:
Dungeon (3/15)

Altars:
Yredelemnul


Innate Abilities, Weirdness & Mutations

You are resistant to torment.
Your stone body is resilient. (AC +4)
You are immune to poison.
You resist negative energy. (rN+)
You are resistant to electric shocks. (rElec)
You can survive without breathing.
You are immune to petrification.
You are immune to rotting.


Message History

The orc priest hits you but does no damage.
Your shield and scale mail prevent you from hitting the orc priest.
The orc priest is moderately wounded.
The orc priest closely misses you. The orc priest barely misses you.
You hit the orc priest but do no damage.
The orc priest is moderately wounded.
The orc priest calls down the wrath of Beogh upon you.
Pain shoots through your body!
* * * LOW HITPOINT WARNING * * *
You barely miss the orc priest.
The orc priest is moderately wounded.
You block the orc priest's attack.
You hit the orc priest.
The orc priest is moderately wounded.
The orc priest hits you but does no damage.
You closely miss the orc priest.
The orc priest is moderately wounded.
The orc priest invokes the aid of Beogh against you.
Beogh smites you!
You die...

.. #.# ... #.#
#... #.#
#....##.#######
..........o.o..
#.# #(# #o#
####+####@#
#.......#.#
#.......#.#
#.......#.#
#.......#.#
#.......#.#
........#'####
.............#
.............#


You could see an orc priest.

Vanquished Creatures
  A bullfrog skeleton (D:3)
  A worker ant (D:3)
  An ooze (D:2)
  3 dart slugs (D:1)
  4 orcs (D:3)
  2 giant cockroaches
  5 goblins
  9 hobgoblins
  5 bats
  8 frilled lizards
  9 kobolds
  4 rats
52 creatures vanquished.

Notes
Turn   | Place    | Note
-------+----------+-------------------------------------------
     0 | D:1      | manon the Gargoyle Fighter began the quest for the Orb.
     0 | D:1      | Reached XP level 1. HP: 14/14 MP: 1/1
   109 | D:1      | Reached XP level 2. HP: 19/19 MP: 2/2
   735 | D:1      | Reached XP level 3. HP: 21/23 MP: 3/3
   932 | D:2      | Found a basalt altar of Yredelemnul.
  1617 | D:3      | Reached XP level 4. HP: 26/28 MP: 4/4
  1817 | D:3      | Reached XP level 5. HP: 31/32 MP: 5/5
  1831 | D:3      | Killed from afar by an orc priest

Skill      XL: |  1  2  3  4 |
---------------+-------------+-----
Maces & Flails | 3 |  3.9
Shields        | 4 |  4.1
Armour         | 4 |  4.0
Fighting       | |  3.2

Action                   |  1- 3 |  4- 6 || total
-------------------------+-------+-------++-------
Melee: Flail             |   158 |    61 ||   219
  Eat: Chunk             |     2 |     1 ||     3
Armor: Scale mail        |    87 |    42 ||   129
Dodge: Dodged            |    58 |    23 ||    81
Block: Shield            |    89 |    27 ||   116
